 Dungeon Crawl Stone Soup version 0.28-a0-1339-ga5422284a4 (webtiles) character file.

Game seed: 17858013504307635899

1317 Gwenloh the Purveyor of Pain (level 8, -3/57 HPs)
             Began as a Mummy Necromancer on Dec 28, 2021.
             Was an Initiate of Kikubaaqudgha.
             Slain by a wyvern zombie (8 damage)
             ... on level 6 of the Dungeon on Dec 29, 2021.
             The game lasted 00:25:47 (8787 turns).

Gwenloh the Purveyor of Pain (Mummy Necromancer)    Turns: 8787, Time: 00:25:49

Health: -3/57      AC:  3    Str: 12    XL:     8   Next: 33%
Magic:  19/19      EV: 12    Int: 16    God:    Kikubaaqudgha [......]
Gold:   976        SH:  0    Dex: 12    Spells: 7/22 levels left

rFire   x . .      SeeInvis .   v - +4 spear (venom)
rCold   + . .      Faith    .   (no shield)
rNeg    + + +      Spirit   .   f - +0 robe
rPois   ∞          Reflect  .   (no helmet)
rElec   .          Harm     .   (no cloak)
rCorr   +          Rampage  .   m - +0 pair of gloves
Will    +....                   (no boots)
Stlth   ++........              (no amulet)
HPRegen 0.19/turn               i - ring of resist corrosion
MPRegen 0.16/turn               k - ring of flight

@: flying
A: cold resistance 1, negative energy resistance 3, torment resistance 2, heat
vulnerability 1, no potions
a: Renounce Religion


You were on level 6 of the Dungeon.
You worshipped Kikubaaqudgha.
Kikubaaqudgha was noncommittal.
You visited 2 branches of the dungeon, and saw 8 of its levels.

You collected 1002 gold pieces.
You spent 26 gold pieces at shops.

Inventory:

Hand Weapons
 a - a +2 dagger of venom
 b - a +4 dagger
 c - a +0 short sword
 n - a +3 dagger of draining
 v - a +4 spear of venom (weapon)
Missiles
 g - 21 poisoned darts
Armour
 e - a +0 leather armour
 f - a +0 robe (worn)
 m - a +0 pair of gloves (worn)
Magical Staves
 t - a staff of cold
Jewellery
 d - an amulet of guardian spirit
 i - a ring of resist corrosion (left hand)
 k - a ring of flight (right hand)
 q - an amulet of the acrobat
Scrolls
 h - 2 scrolls of identify
 j - a scroll of enchant armour
 l - a scroll of magic mapping
 o - a scroll of blinking
 p - 2 scrolls of fear
 r - a scroll of vulnerability
 s - a scroll of holy word
 u - a scroll of enchant weapon


   Skills:
 + Level 2.3 Fighting
 - Level 1.5 Dodging
 - Level 1.5 Stealth
 + Level 7.5 Spellcasting
 + Level 8.9 Necromancy


You had 7 spell levels left.
You knew the following spells:

 Your Spells              Type           Power      Damage    Failure   Level
a - Pain                  Necr           100%       1d9       1%          1
b - Vampiric Draining     Necr           34%        2d8       1%          3
c - Animate Dead          Necr           17%        N/A       3%          4
d - Agony                 Necr           34%        N/A       9%          5
e - Blink                 Tloc           12%        N/A       19%         2

Your spell library contained the following spells:

 Spells                   Type           Power      Damage    Failure   Level
 Animate Skeleton         Necr           68%        N/A       1%          1
 Corpse Rot               Necr/Air       40%        N/A       2%          2
 Magic Dart               Conj           24%        1d4       12%         1
 Call Imp                 Summ           6%         N/A       19%         2
 Poisonous Vapours        Pois/Air       12%        N/A       19%         2
 Dazzling Flash           Conj/Hex       12%        N/A       34%         3
 Mephitic Cloud           Conj/Pois/Air  6%         N/A       34%         3
 Iskenderun's Mystic Bla  Conj/Tloc      6%         2d4       75%         4
 Manifold Assault         Tloc           6%         N/A       97%         5
 Starburst                Conj/Fire      3%         6d3       100%        6
 Storm Form               Tmut/Air       Unusable   N/A       N/A         7

Dungeon Overview and Level Annotations

Branches:
Dungeon (7/15)             Temple (1/1) D:6

Altars:
Cheibriados
Dithmenos
Elyvilon
Fedhas
Gozag
Hepliaklqana
Kikubaaqudgha
Makhleb
Nemelex Xobeh
Sif Muna
Trog
Uskayaw
Vehumet
Wu Jian
Xom
Yredelemnul
Zin
The Shining One

Shops:
D:1 [?

Annotations:
D:6 2 transporters


Innate Abilities, Weirdness & Mutations

You are immune to poison.
Your flesh is cold resistant. (rC+)
You are immune to negative energy. (rN+++)
You are immune to unholy pain and torment.
You are vulnerable to heat. (rF-)
You do not drink.


Message History

a +0 dagger; a +0 robe
Found 2 black potions.
The orc priest shouts!
You start removing your amulet.
You continue taking off your amulet of the acrobat.
The wyvern zombie closely misses you.
You continue taking off your amulet of the acrobat.
The wyvern zombie bites you!
Keep disrobing?
The wyvern zombie bites you.
You continue taking off your amulet of the acrobat.
The wyvern zombie bites you!
You continue taking off your amulet of the acrobat.
The wyvern zombie bites you.
You finish taking off your amulet of the acrobat.
You are too injured to fight recklessly!
You are too injured to fight recklessly!
You barely miss the wyvern zombie. The wyvern zombie barely misses you.
The wyvern zombie bites you!
You hit the wyvern zombie.
The wyvern zombie is lightly damaged.
The wyvern zombie bites you!
* * * LOW HITPOINT WARNING * * *
You puncture the wyvern zombie!
The wyvern zombie is moderately damaged.
The wyvern zombie barely misses you.
You barely miss the wyvern zombie.
The wyvern zombie is moderately damaged.
The wyvern zombie barely misses you. The wyvern zombie bites you.
* * * LOW HITPOINT WARNING * * *
You hit the wyvern zombie.
The wyvern zombie is moderately damaged.
The wyvern zombie bites you but does no damage.
You hit the wyvern zombie but do no damage.
The wyvern zombie is moderately damaged.
The wyvern zombie bites you.
* * * LOW HITPOINT WARNING * * *
The wyvern zombie bites you!
You die...
Kikubaaqudgha rasps: "You have failed me!
Welcome... oblivion!"

.........#K≈...≈5#......#.#.#.#..
######+#.#5≈...≈o#.#+#+ #.#.#.#..
##### #.####+####.# #.#.#.#..
...<# #.#P../..P#.# ..#.#.#..
..### #.#8P.©.P8#.# ######.#.#..
..+ #.#########.# #......#....
..######.....©.....# #......####.
...............#####.#......# #.
...###......#..Z@...!#.###### #.
.[.# ... ##.#######.#########.
..!# # #.........#.....)... ...#
###########.#######. .).#
#...............#.#. ##.#
#.#########.#.....#. #.# #.#
#.#(#.#.#. #.# #.# #.#.#.#.#. #.#
#.# #.#...#.#.


You could see a wyvern zombie.

Vanquished Creatures
  Sigmund (D:6)
  Edmund (D:6)
  A sky beast (D:5)
  A hornet zombie (D:6)
  An ogre (D:5)
  A phantom (D:5)
  A gnoll sergeant (D:5)
  3 scorpions
  A centaur skeleton (D:5)
  A hound (D:5)
  A jelly (D:5)
  2 gnoll shamans
  2 iguanas (D:5)
  An orc wizard (D:6)
  12 gnolls
  3 adders
  A white imp (D:5)
  2 worms
  2 dart slugs (D:4)
  3 orcs
  6 bats
  9 endoplasms
  4 giant cockroaches
  6 goblins
  8 hobgoblins
  3 jackals (D:2)
  9 kobolds
  5 quokkas
  5 ball pythons
  A frilled lizard (D:1)
  6 rats (D:1)
103 creatures vanquished.

Notes
Turn   | Place    | Note
-------+----------+-------------------------------------------
     0 | D:1      | Gwenloh the Mummy Necromancer began the quest for the Orb.
     0 | D:1      | Reached XP level 1. HP: 13/13 MP: 4/4
     1 | D:1      | Found a runed translucent door.
   403 | D:1      | Reached XP level 2. HP: 19/19 MP: 3/6
   949 | D:1      | Found Utoung's Antique Armour Shoppe.
  1014 | D:1      | Found Yluciose's Magic Scroll Emporium.
  1023 | D:1      | Bought a scroll of identify for 26 gold pieces
  1401 | D:2      | Reached XP level 3. HP: 17/24 MP: 1/7
  1801 | D:2      | Learned a level 3 spell: Vampiric Draining
  1847 | D:2      | Reached skill level 5 in Necromancy
  2548 | D:3      | Reached XP level 4. HP: 30/30 MP: 6/9
  3000 | D:3      | Found a faded altar of an unknown god.
  3128 | D:3      | Learned a level 4 spell: Animate Dead
  3132 | D:4      | Noticed a scorpion
  3514 | D:4      | HP: 1/30 [gnoll (3)]
  3870 | D:4      | Found a bloodstained altar of Trog.
  3876 | D:4      | Reached XP level 5. HP: 35/35 MP: 6/11
  4004 | D:4      | Reached skill level 6 in Necromancy
  4396 | D:5      | Entered Level 5 of the Dungeon
  4400 | D:5      | Noticed a sky beast
  4403 | D:5      | Learned a level 5 spell: Agony
  4412 | D:5      | Killed a sky beast
  4413 | D:5      | Reached skill level 5 in Spellcasting
  4413 | D:5      | Reached XP level 6. HP: 19/41 MP: 0/13
  4850 | D:5      | Reached skill level 7 in Necromancy
  4883 | D:5      | Reached XP level 7. HP: 33/46 MP: 2/15
  5013 | D:5      | Identified a scroll of acquirement
  5015 | D:5      | Acquired 700 gold pieces
  5868 | D:5      | Reached skill level 8 in Necromancy
  7205 | D:6      | Noticed a kobold demonologist
  7205 | D:6      | Noticed a kobold demonologist
  7208 | D:6      | Found a transporter.
  7214 | D:6      | Found a transporter.
  7302 | D:6      | Learned a level 2 spell: Blink
  7368 | D:6      | Found a staircase to the Ecumenical Temple.
  7378 | Temple   | Entered the Ecumenical Temple
  7520 | Temple   | Became a worshipper of Kikubaaqudgha
  7682 | D:6      | Noticed Edmund
  7691 | D:6      | Killed Edmund
  7692 | D:6      | Reached skill level 1 in Fighting
  7692 | D:6      | Reached XP level 8. HP: 54/54 MP: 3/18
  7799 | D:6      | Noticed Sigmund
  7829 | D:6      | Killed Sigmund
  8787 | D:6      | Slain by a wyvern zombie

Illustrated notes

Levels and vault maps discovered:
D:1:      dpeg_arrival_caged_fury, layout_basic, serial_shops,
          nicolae_shop_window_shopping, shop_scrolls, minmay_misc_feat_enclosed,
          minmay_pentomino_r4
D:2:      layout_rooms
D:3:      layout_loops_ring, basic_ecumenical_altar,
          minmay_misc_feat_more_columns
D:4:      layout_basic, mainiacjoe_overflow_tiny_flanked
D:5:      layout_basic
D:6:      gammafunk_wand_slinger, layout_basic, minmay_temple_entry_junction_2,
          portal_sewer_entry_e, st_stairs_12, sigmund_edmund_badplayer,
          uniq_edmund
D:7:      layout_basic, overflow_temple_1_default, nicolae_ossuary_entry_giza,
          kennysheep_generic_room_16
Temple:   minmay_crystal_spiral_temple

Skill      XL: |  1  2  3  4  5  6  7  8 |
---------------+-------------------------+-----
Spellcasting   | 3 4 5 6 7 |  7.5
Necromancy     | 5 6 7 8 |  8.9
Fighting       | 1 2 |  2.3
Dodging        | |  1.5
Stealth        | |  1.5

Action                   |  1- 3 |  4- 6 |  7- 9 || total
-------------------------+-------+-------+-------++-------
Melee: Unarmed           |     2 |       |       ||     2
       Short sword       |     5 |       |       ||     5
       Dagger            |    15 |    17 |    44 ||    76
       Spear             |       |       |    24 ||    24
Throw: Dart              |    11 |    13 |    29 ||    53
 Cast: Pain              |    81 |    64 |    48 ||   193
       Vampiric Draining |     1 |     9 |     7 ||    17
       Animate Dead      |       |       |     2 ||     2
       Agony             |       |       |     3 ||     3
  Use: Scroll            |     2 |     3 |     7 ||    12
 Stab: Sleeping          |     1 |       |       ||     1
Armor: Robe              |    13 |     6 |     9 ||    28
       Leather armour    |       |       |     5 ||     5
Dodge: Dodged            |    18 |    16 |    51 ||    85

Table legend: (Time is in decaauts)
 A = Elapsed time spent in this place.
 B = Non-inter-level travel time spent in this place.
 C = Inter-level travel time spent in this place.
 D = Time resting spent in this place.
 E = Time spent auto-exploring this place.
 F = Levels seen in this place.
 G = Mean time per level.
                   A        B        C        D        E       F      G
               +--------+--------+--------+--------+--------+-----+--------+
         Total |   8795 |   8328 |    467 |   2061 |   4717 |   8 | 1099.4 |
       Dungeon |   7840 |   7457 |    383 |   1366 |   4606 |   7 | 1120.0 |
        Temple |    955 |    871 |     84 |    695 |    111 |   1 |  955.0 |
               +--------+--------+--------+--------+--------+-----+--------+

Top non-repeatable levels by time:
     D:5: 2177 daAuts
     D:4: 1582 daAuts
     D:1: 1385 daAuts
     D:2: 1034 daAuts
     D:3: 979 daAuts
  Temple: 955 daAuts
     D:6: 678 daAuts
     D:7: 1 daAuts
